 Dungeon Crawl Stone Soup version 0.21.0-3-g78d12a8 (webtiles) character file.

77 Ignatius881 the Conjurer (level 3, 0/26 HPs)
             Began as a Demigod Conjurer on Jan 11, 2018.
             Slain by an orc wizard
             ... wielding a +0 dagger of distortion
              (12 damage)
             ... on level 3 of the Dungeon.
             The game lasted 00:06:37 (2317 turns).

Ignatius881 the Conjurer (Demigod Conjurer)         Turns: 2317, Time: 00:06:37

Health: 0/26       AC:  0    Str: 11    XL:     3   Next: 92%
Magic:  3/9        EV: 13    Int: 21    God:
Gold:   215        SH:  0    Dex: 16    Spells: 3/6 levels left

rFire    x . .     SeeInvis .   (no weapon)
rCold    + . .     Gourm    .   (no shield)
rNeg     . . .     Faith    .   a - +0 robe
rPois    .         Spirit   .   (no helmet)
rElec    .         Reflect  .   (no cloak)
rCorr    .         Harm     .   (no gloves)
MR       .....                  (no boots)
Stlth    ++........             (no amulet)
HPRegen  0.08/turn              h - ring of ice
MPRegen  0.11/turn              i - -2 ring of protection (curse)

@: no status effects
A: high mp 1
a: no special abilities


You were on level 3 of the Dungeon.
You were not hungry.

You visited 1 branch of the dungeon, and saw 3 of its levels.

You collected 215 gold pieces.

Inventory:

Hand Weapons
 l - a +2 mace of holy wrath
   (You found it on level 2 of the Dungeon)
Armour
 a - a +0 robe (worn)
Jewellery
 h - a ring of ice (left hand)
   (You found it on level 1 of the Dungeon)
 i - a cursed -2 ring of protection (right hand)
   (You found it on level 2 of the Dungeon)
Scrolls
 b - a scroll of immolation {!r}
 g - a scroll of magic mapping
 m - a scroll of fear
Potions
 d - a potion of curing {unknown}
 j - a potion of berserk rage {unknown}
 k - a potion of brilliance
 n - a potion of heal wounds {unknown}
Books
 e - a book of Conjurations
Comestibles
 c - 4 rations
 f - 2 chunks of flesh


   Skills:
 + Level 2.4 Dodging
 - Level 1.7 Stealth
 + Level 2.3 Spellcasting
 * Level 4.5 Conjurations


You had 3 spell levels left.
You knew the following spells:

 Your Spells              Type           Power        Failure   Level  Hunger
a - Magic Dart            Conj           ###.         2%          1    #......
b - Searing Ray           Conj           ###...       3%          2    ##.....


Dungeon Overview and Level Annotations

Branches:
Dungeon (3/15)


Innate Abilities, Weirdness & Mutations

You have an increased reservoir of magic. (+10% MP)


Message History

Aim: a giant cockroach (severely wounded, clinging)
The magic dart hits the giant cockroach.
You kill the giant cockroach!
You start resting.
A kobold comes into view. It is wielding a dagger of speed.
Aim: a kobold, wielding a dagger of speed (hasn't noticed you)
The magic dart hits the kobold.
You kill the kobold!
You start resting.
Found a stone staircase leading up.
An orc comes into view. It is wielding a short sword.
An orc is nearby!
Aim: an orc, wielding a short sword (hasn't noticed you)
The magic dart hits the orc.
The orc shouts!
You hear a shout!
Aim: an orc, wielding a short sword (severely wounded)
The magic dart hits the orc.
You kill the orc!
You start resting.
An orc wizard comes into view. It is wielding a dagger of distortion.
Aim: an orc wizard, wielding a dagger of distortion and wearing a robe (hasn't noticed you)
The magic dart hits the orc wizard.
The orc wizard shouts!
You hear a shout!
An orc comes into view. It is wielding a flail.
Aim: an orc wizard, wielding a dagger of distortion and wearing a robe (moderately wounded)
The magic dart hits the orc wizard.
The orc wizard points at you and mumbles some strange words.
You are confused.
You're too confused to cast spells.
You're too confused!
Unknown command.
You feel less confused.
An orc priest comes into view. It is wielding a short sword.
Aim: an orc wizard, wielding a dagger of distortion and wearing a robe (heavily wounded)
The magic dart hits the orc wizard.
The orc wizard hits you with a dagger of distortion.
Space bends around you.
Aim: an orc wizard, wielding a dagger of distortion and wearing a robe (heavily wounded)
The magic dart hits the orc wizard.
The orc priest calls down the wrath of Beogh upon you.
Pain shoots through your body! The orc wizard closely misses you.
The orc misses you.
Aim: an orc wizard, wielding a dagger of distortion and wearing a robe (severely wounded)
The magic dart hits the orc wizard.
The orc priest calls upon Beogh to heal the orc wizard.
The orc wizard is healed somewhat.
The orc wizard hits you with a dagger of distortion.
* * * LOW HITPOINT WARNING * * *
Space warps horribly around you!
You die...

.....#. .$#.<#. #.#..#.
#....#.# #
###.#.##.###.#
...........
##############..###.####
....).o@...(.......<....
......o.######..########
........# ).......
........# ####..###.#
........) ..># .......o#
##### .........
#####.#<#


You could see an orc priest, an orc wizard and an orc.

Vanquished Creatures
  An adder (D:2)
  An ooze (D:1)
  3 leopard geckos
  An orc (D:3)
  4 ball pythons
  2 giant cockroaches
  11 hobgoblins
  5 jackals
  4 bats
  A frilled lizard (D:1)
  7 goblins (D:2)
  6 kobolds
  8 rats
54 creatures vanquished.

Notes
Turn   | Place    | Note
-------+----------+-------------------------------------------
     0 | D:1      | Ignatius881 the Demigod Conjurer began the quest for the Orb.
     0 | D:1      | Reached XP level 1. HP: 14/14 MP: 5/5
   121 | D:1      | Reached XP level 2. HP: 8/20 MP: 0/7
   388 | D:1      | Learned a level 2 spell: Searing Ray
   485 | D:1      | Reached skill level 4 in Conjurations
  1028 | D:2      | Reached XP level 3. HP: 26/26 MP: 3/8
  1566 | D:2      | Found an ornate altar of the Wu Jian Council.
  2317 | D:3      | Slain by an orc wizard

Skill      XL: |  1  2 |
---------------+-------+-----
Dodging        | 2 |  2.4
Spellcasting   | 2 |  2.3
Conjurations   | 4 |  4.5
Stealth        | |  1.7

Action                   || total
-------------------------++-------
Melee: Unarmed           ||     4
 Cast: Magic Dart        ||   112
  Use: Scroll            ||     6
  Eat: Chunk             ||     5
Armor: Robe              ||    10
Dodge: Dodged            ||    21
